Map: Ruins of Seras

Players

LilDicky

  • Race: Terran Terran
  • League: Gold

MECHANICS - Winner!

  • Race: Terran Terran
  • League: Platinum

VOD

http://www.twitch.tv/tumescentpie

Description

Time

  • Played on: Nov. 19, 2015, 10:47 p.m.
  • Length: 22:36
Show
View Real Time Build Order
Export as new Build Order

LilDicky Terran 

Build Orders: Banshee Rush 

Get SALT Encoding   

  12  0:01  SCV  
  13  0:13  SCV  
  14  0:18  Supply Depot  
  14  0:25  SCV  
  15  0:32  Refinery  
  15  0:40  SCV  
  16  0:46  Barracks  
  16  0:52  SCV  
  18  1:04  SCV  
  18  1:16  SCV  
  19  1:28  SCV  
  20  1:35  Marine  
  20  1:37  Supply Depot  
  21  1:40  Orbital Command  
  21  1:53  Marine  
  22  1:59  Factory  
  22  2:05  SCV  
  22  2:06  Refinery  
  23  2:11  Supply Depot  
  23  2:13  Marine  
  24  2:18  SCV  
  24  2:34  Marine  
  25  2:42  SCV  
  26  2:44  Factory Tech Lab  
  26  2:46  Starport  
  26  2:51  Command Center  
  26  2:54  SCV  
  26  2:55  Marine  
  28  3:08  SCV  
  29  3:14  Widow Mine  
  31  3:20  SCV  
  32  3:29  Banshee, Cloaking Field  
  32  3:32  Marine  
  32  3:33  SCV  
  37  3:41  Supply Depot  
  37  3:46  Engineering Bay  
  37  3:48  Widow Mine  
  39  4:03  SCV, Marine  
  41  4:15  Bunker  
  41  4:17  Missile Turret  
  41  4:29  Banshee  
  44  4:54  Factory Tech Lab  
  44  4:55  SCV  
  44  4:57  Marine  
  46  5:01  Command Center  
  46  5:08  SCV  
  46  5:11  Banshee  
  50  5:19  Orbital Command  
  50  5:22  SCV, Refinery  
  50  5:23  Refinery  
  48  5:31  Missile Turret  
  44  5:48  SCV x2  
  46  5:52  Siege Tank  
  49  6:00  SCV x2  
  49  6:03  Barracks Reactor  
  51  6:12  SCV  
  51  6:13  Orbital Command  
  51  6:17  Starport Reactor  
  52  6:22  Supply Depot  
  52  6:32  Command Center  
  49  6:42  SCV x2  
  51  6:57  SCV  
  55  7:01  Siege Tank  
  55  7:04  Viking x2  
  55  7:05  Marine  
  55  7:08  SCV  
  58  7:10  SCV  
  58  7:12  SCV  
  60  7:20  SCV  
  61  7:23  SCV  
  61  7:24  SCV  
  61  7:26  Stimpack, Marine  
  64  7:33  Factory, Siege Tank  
  64  7:35  Missile Turret  
  67  7:38  Supply Depot, Missile Turret  
  67  7:39  Hi-Sec Auto Tracking, Missile Turret  
  67  7:40  SCV x2, Missile Turret  
  69  7:48  Orbital Command  
  69  7:50  SCV  
  70  7:52  SCV, Marine  
  70  7:55  Missile Turret  
  72  8:02  Viking x2  
  76  8:10  Marine  
  76  8:11  SCV x2  
  79  8:24  SCV x2  
  79  8:26  Orbital Command  
  80  8:29  SCV  
  80  8:31  Medivac  
  86  8:34  Siege Tank  
  86  8:36  SCV, Factory Reactor  
  86  8:38  Infernal Pre-Igniter  
  87  8:44  Factory  
  87  8:45  Armory, Factory  
  87  8:46  Armory  
  87  8:48  SCV x2  
  89  8:50  Supply Depot  
  89  8:59  SCV x2  
  89  9:00  SCV x2, Refinery x2  
  93  9:02  Building Armor  
  93  9:07  Hellion  
  95  9:11  SCV  
  96  9:37  SCV x3  
  96  9:38  SCV  
  100  9:39  Refinery  
  100  9:41  Refinery  
  100  9:44  Sensor Tower  
  100  9:49  SCV, Sensor Tower  
  100  9:50  SCV x2  
  103  9:55  Missile Turret  
  103  10:09  SCV  
  103  10:10  SCV x3  
  103  10:12  Factory Tech Lab, Factory Reactor  
  103  10:13  Drilling Claws  
  107  10:14  Widow Mine x2  
  107  10:15  Hellion  
  107  10:16  Terran Vehicle And Ship Armor Level 1, Terran Vehicle Weapons Level 1  
  113  10:21  SCV  
  113  10:22  Supply Depot x2, SCV, Liberator x2  
  115  10:31  Supply Depot x2  
  115  10:39  Hellion  
  115  10:42  Supply Depot x2, Neosteel Frame  
  123  10:43  Supply Depot  
  123  10:44  Hellion x2  
  127  10:51  Missile Turret  
  127  10:53  Missile Turret x3  
  127  10:55  Missile Turret  
  127  11:08  Liberator x2  
  127  11:14  Command Center  
  127  11:18  Missile Turret x2  
  127  11:19  Hellion x3, Siege Tank x2  
  127  11:20  Mag-Field Accelerator  
  139  11:31  Armory  
  144  11:34  Starport  
  144  11:44  Command Center  
  142  11:51  Siege Tank  
  145  11:57  SCV x3  
  145  11:59  Liberator x2  
  148  12:01  Command Center  
  148  12:05  Command Center, SCV  
  149  12:09  SCV x2  
  149  12:14  Starport Tech Lab  
  151  12:22  Thor, Hellion x2  
  161  12:23  Supply Depot  
  161  12:25  Terran Ship Weapons Level 1  
  167  12:30  Terran Vehicle Weapons Level 2  
  167  12:31  Terran Vehicle And Ship Armor Level 2  
  167  12:33  Command Center  
  167  12:39  Hellion x3  
  173  12:55  Liberator x2  
  173  12:59  Supply Depot  
  173  13:05  Sensor Tower  
  173  13:07  Planetary Fortress, Missile Turret  
  179  13:13  Banshee  
  182  13:24  Fusion Core  
  188  13:34  Hellion x5  
  188  13:35  Hellion, Refinery, Missile Turret  
  188  13:36  Refinery  
  188  13:38  Terran Infantry Armor Level 1  
  194  13:45  Combat Shields  
  194  13:49  Planetary Fortress  
  194  13:54  Missile Turret  
  194  13:59  Missile Turret  
  194  14:00  Missile Turret  
  194  14:02  Missile Turret  
  194  14:07  Planetary Fortress x2  
  194  14:13  Missile Turret  
  194  14:15  Behemoth Reactor  
  194  14:17  Hyperflight Rotors, Missile Turret  
  194  14:19  Banshee  
  194  14:20  Viking  
  199  14:43  Command Center  
  199  15:04  Concussive Shells  
  199  15:12  Starport x2  
  199  15:15  Starport  
  199  15:17  Command Center  
  199  15:18  Missile Turret  
  199  15:22  Missile Turret  
  199  15:33  Missile Turret  
  199  15:41  Refinery, Missile Turret  
  199  15:42  Refinery, Missile Turret  
  184  15:44  Missile Turret  
  177  15:53  Hellion x3  
  177  15:54  Hellion  
  181  16:05  Missile Turret  
  181  16:09  Hellion x2  
  184  16:14  Hellion x2  
  188  16:23  Orbital Command  
  184  16:52  Liberator  
  179  16:54  Liberator  
  169  17:05  Terran Vehicle And Ship Armor Level 3, Terran Vehicle Weapons Level 3  
  169  17:06  Terran Ship Weapons Level 2  
  169  17:07  Banshee  
  164  17:08  Advanced Ballistics  
  164  17:12  Hellion x2  
  164  17:13  Hellion x4  
  182  17:24  Starport Tech Lab  
  182  17:25  Starport Tech Lab x2  
  182  17:32  Command Center  
  182  17:34  Hellion  
  184  17:40  Command Center  
  184  17:42  Command Center  
  184  17:56  Widow Mine x3  
  184  17:57  Hellion  
  184  17:58  Hellion x2  
  196  17:59  Terran Infantry Weapons Level 1  
  181  18:19  Hellion  
  183  18:22  Battlecruiser x2  
  195  18:34  Supply Depot  
  195  18:36  Supply Depot  
  195  18:39  Supply Depot  
  195  18:49  Hellion x2  
  195  18:50  Command Center  
  195  18:51  Refinery, Missile Turret  
  195  18:53  Missile Turret  
  195  18:55  Refinery  
  198  19:07  Missile Turret  
  198  19:13  Refinery  
  198  19:16  Planetary Fortress  
  198  19:17  Missile Turret  
  198  19:21  Missile Turret  
  195  19:27  Hellion  
  197  19:35  Command Center  
  197  19:52  Planetary Fortress  
  197  19:53  Terran Infantry Armor Level 2  
  197  20:03  Planetary Fortress  
  160  21:05  Planetary Fortress  
  160  21:06  Missile Turret  
  160  21:07  Battlecruiser x4  
  174  21:20  Hellion x2  
  169  21:51  Command Center  
  169  21:57  SCV x5  
  169  21:58  SCV x4  
Show
View Real Time Build Order
Export as new Build Order

MECHANICS Terran - Winner!

Build Orders: Mech 

Get SALT Encoding   

  12  0:01  SCV  
  13  0:13  SCV  
  14  0:18  Supply Depot  
  14  0:25  SCV  
  15  0:29  Refinery  
  15  0:39  SCV  
  16  0:47  Barracks  
  16  0:52  SCV  
  17  1:04  SCV  
  18  1:16  SCV  
  19  1:27  Supply Depot  
  19  1:30  SCV  
  20  1:34  Marine  
  20  1:37  Factory  
  21  1:44  SCV  
  22  1:52  Marine  
  23  1:57  SCV  
  24  2:17  Barracks Reactor  
  24  2:20  Command Center  
  24  2:25  Hellion  
  26  2:31  Supply Depot  
  26  2:46  SCV  
  26  2:50  Refinery  
  27  2:52  Factory Tech Lab  
  27  3:11  Siege Tank, Marine x2  
  32  3:18  Supply Depot  
  32  3:28  Starport, Orbital Command  
  32  3:36  Marine  
  32  3:40  SCV  
  34  3:54  Siege Tank  
  34  3:55  Marine x2  
  39  4:03  SCV  
  39  4:06  SCV  
  39  4:08  Refinery  
  41  4:25  SCV  
  41  4:27  Medivac  
  41  4:28  SCV  
  45  4:35  Siege Tank, Marine x2  
  50  4:44  Engineering Bay  
  48  4:55  Orbital Command  
  48  5:04  Viking  
  46  5:22  SCV x2, Missile Turret  
  46  5:29  Missile Turret  
  46  5:34  SCV  
  44  5:49  SCV  
  44  5:50  SCV  
  44  5:56  Missile Turret  
  44  6:01  SCV  
  44  6:02  SCV  
  46  6:15  Command Center  
  46  6:16  SCV  
  44  6:29  Viking  
  44  6:34  SCV x2  
  45  6:46  SCV x2  
  47  6:53  Missile Turret  
  47  6:58  SCV x2  
  48  7:10  SCV x2  
  50  7:18  Refinery  
  50  7:23  Missile Turret  
  50  7:26  Orbital Command  
  50  7:30  Siege Tank  
  54  7:37  SCV, Factory x2  
  54  7:46  Supply Depot x2  
  54  7:53  SCV  
  54  7:54  SCV  
  54  7:57  Refinery  
  54  7:58  Marine x2  
  58  8:06  Viking  
  58  8:07  Factory  
  58  8:09  Cyclone  
  58  8:11  Mag-Field Accelerator  
  63  8:13  SCV  
  64  8:27  SCV x2  
  64  8:28  Factory Tech Lab x2  
  64  8:32  Marine x2  
  68  8:41  Cyclone  
  68  8:45  Refinery  
  71  8:50  Refinery  
  71  9:00  Hellion x2  
  71  9:02  Command Center  
  75  9:03  Hellion x2  
  79  9:10  Supply Depot x2  
  79  9:14  Hellion  
  81  9:21  Cyclone  
  82  9:32  Hellion  
  82  9:33  Hellion x2  
  82  9:35  Hellion  
  90  9:42  Missile Turret  
  90  9:43  Missile Turret  
  90  9:44  Missile Turret  
  90  9:47  Infernal Pre-Igniter  
  90  9:53  Cyclone  
  90  9:59  Missile Turret  
  93  10:03  Missile Turret  
  93  10:07  Missile Turret  
  93  10:08  SCV  
  94  10:18  Armory  
  94  10:23  Viking  
  96  10:31  SCV  
  96  10:32  SCV  
  98  10:36  Orbital Command  
  98  10:48  Siege Tank  
  98  10:49  Cyclone x2  
  107  10:51  Hellion  
  109  11:00  Viking  
  111  11:07  Starport  
  111  11:08  Armory, Terran Vehicle Weapons Level 1  
  111  11:12  Hellion x4  
  111  11:18  Hellion x2  
  115  11:20  Thor  
  121  11:46  Thor  
  123  11:49  SCV x2  
  123  11:51  Liberator  
  121  12:10  Terran Vehicle And Ship Armor Level 1  
  121  12:13  Supply Depot  
  124  12:16  Thor x2, SCV x2  
  124  12:19  Supply Depot x2  
  138  12:28  Hellion x2  
  138  12:29  Siege Tank  
  145  12:30  Starport Tech Lab  
  145  12:49  Hellion x2, Missile Turret  
  145  12:51  SCV x2  
  151  12:53  Missile Turret x2  
  151  12:58  Banshee  
  154  12:59  Siege Tank  
  154  13:00  Viking, Siege Tank  
  154  13:03  Cyclone  
  165  13:16  SCV  
  165  13:17  Refinery  
  166  13:24  Missile Turret  
  166  13:26  Hellion x2  
  170  13:29  SCV  
  171  13:35  Terran Vehicle Weapons Level 2  
  171  13:49  Supply Depot  
  171  13:51  Supply Depot  
  171  13:53  Cyclone, Viking, Siege Tank  
  179  14:06  Refinery  
  179  14:11  Terran Vehicle And Ship Armor Level 2, Cyclone  
  179  14:14  Command Center, Banshee  
  185  14:18  Hellion x2  
  189  14:25  Cyclone x2  
  189  14:29  Missile Turret x2  
  195  14:39  Hellion  
  195  14:45  Siege Tank  
  200  15:11  Command Center  
  200  15:22  Command Center  
  200  15:27  Orbital Command  
  195  16:12  Medivac  
  195  16:13  Medivac  
  199  16:21  Hellion x3  
  193  16:54  Terran Vehicle Weapons Level 3  
  193  16:55  Terran Vehicle And Ship Armor Level 3  
  193  16:57  Siege Tank  
  193  16:58  Hellion, Siege Tank x2  
  197  17:08  Hellion  
  197  17:19  Orbital Command  
  197  17:20  Hellion  
  199  17:39  Starport  
  199  17:40  Refinery x2  
  199  17:43  Starport  
  199  17:48  Starport  
  199  18:27  Starport Tech Lab  
  199  18:28  Starport Tech Lab  
  199  18:30  Starport Tech Lab x2  
  199  18:35  Fusion Core  
  199  18:47  SCV  
  199  18:56  Command Center  
  199  19:22  Command Center  
  199  19:25  SCV  
  199  19:30  Behemoth Reactor  
  200  19:32  Terran Ship Weapons Level 1  
  200  19:33  Missile Turret  
  200  19:38  Starport  
  200  19:48  Barracks Tech Lab  
  200  19:50  Planetary Fortress  
  200  19:51  Factory  
  197  20:26  Weapon Refit  
  192  20:54  Orbital Command  
  188  20:58  Battlecruiser x2, Starport Tech Lab  
  198  21:12  SCV  
  197  21:32  Cyclone  
  200  21:49  Factory x2  
Tags
 
Add a new tag
Caveats
  • Supply blocks, unpowered buildings, or Contaminate may cause inaccurate times.
  • Supply counts are checked every 10 seconds.